 Dungeon Crawl Stone Soup version 0.25-a0-446-g92cdcce (webtiles) character file.

Game seed: 4966873268759745117, levelgen mode: deterministic

18 Auros the Cutter (level 2, -1/19 HPs)
             Began as a Halfling Warper on Jan 30, 2020.
             Slain by a goblin
             ... wielding a +0 dagger of speed
              (2 damage)
             ... on level 1 of the Dungeon.
             The game lasted 00:01:42 (712 turns).

Auros the Cutter (Halfling Warper)                   Turns: 712, Time: 00:01:42

Health: -1/19      AC:  3    Str: 12    XL:     2   Next: 90%
Magic:  4/4        EV: 14    Int: 11    God:
Gold:   4          SH:  0    Dex: 13    Spells: 2/4 levels left

rFire    . . .     SeeInvis .   a - +0 short sword
rCold    . . .     Gourm    .   (shield restricted)
rNeg     . . .     Faith    .   b - +0 leather armour
rPois    .         Spirit   .   (no helmet)
rElec    .         Reflect  .   (no cloak)
rCorr    .         Harm     .   (no gloves)
MR       .....                  (no boots)
Stlth    +.........             (no amulet)
HPRegen  0.06/turn              (no ring)
MPRegen  0.09/turn              (no ring)

@: no status effects
A: small, mutation resistance 1
a: no special abilities


You were on level 1 of the Dungeon.
You were not hungry.

You visited 1 branch of the dungeon, and saw 1 of its levels.

You collected 4 gold pieces.

Inventory:

Hand Weapons
 a - a +0 short sword (weapon)
Missiles
 e - 15 arrows
 Z - 15 stones (quivered)
Armour
 b - a +0 leather armour (worn)
Scrolls
 c - a scroll of magic mapping {unknown}
 g - a scroll of teleportation {unknown}
 i - a scroll of identify {unknown}
 k - a scroll of blinking
Potions
 d - a potion of mutation {unknown}
 h - a potion of cancellation {unknown}
Comestibles
 f - 4 chunks of flesh
 z - 2 rations


   Skills:
 - Level 1.7 Fighting
 + Level 3.9 Short Blades
 - Level 1.0 Throwing
 - Level 1.1 Armour
 - Level 2.1 Dodging
 - Level 1.5 Spellcasting
 - Level 3.2 Translocations


You had 2 spell levels left.
You knew the following spells:

 Your Spells              Type           Power        Failure   Level  Hunger
a - Blink                 Tloc           N/A          16%         2    ###....

Your spell library contained the following spells:

 Spells                   Type           Power        Failure   Level  Hunger
 Shroud of Golubria       Chrm/Tloc      #.....       30%         2    ###....
 Gell's Gravitas          Tloc           #.........   30%         3    ####...
 Lesser Beckoning         Tloc           #.........   30%         3    ####...
 Teleport Other           Tloc           #.......     30%         3    ####...
 Passage of Golubria      Tloc           N/A          69%         4    #####..


Dungeon Overview and Level Annotations

Branches:
Dungeon (1/15)

Altars:


Innate Abilities, Weirdness & Mutations

You are small and have problems with some larger weapons.
You are somewhat resistant to further mutation.


Message History

The hobgoblin hits you.
* * * LOW HITPOINT WARNING * * *
The goblin hits you with a +0 dagger of speed.
* * * LOW HITPOINT WARNING * * *
You barely miss the goblin. The goblin closely misses you.
The hobgoblin closely misses you.
You closely miss the goblin. The goblin barely misses you.
The hobgoblin misses you.
You hit the hobgoblin.
You kill the hobgoblin!
The goblin hits you with a +0 dagger of speed.
* * * LOW HITPOINT WARNING * * *
The goblin hits you with a +0 dagger of speed.
* * * LOW HITPOINT WARNING * * *
You completely miss the kobold. The kobold hits you.
* * * LOW HITPOINT WARNING * * *
The goblin hits you but does no damage.
You hit the kobold but do no damage. The kobold barely misses you.
The goblin hits you with a +0 dagger of speed.
You die...

########## #.........#
#.#######.##
#######.#........#
..........### #..#
#######.....# #..#
#.#...#.###..# ####
#@K.......#..###...
#g#.....#.#..#...## .
#..............###. ...
#.....#.#....###...
.....###.(.........##...##
...$..............##..####
##...............##..## ##
......###.....####..## ##.
...... .###.###..## ##..


You could see a goblin and a kobold.

Vanquished Creatures
  3 dart slugs (D:1)
  A goblin (D:1)
  2 hobgoblins (D:1)
  3 kobolds (D:1)
  A bat (D:1)
  2 frilled lizards (D:1)
  A rat (D:1)
13 creatures vanquished.

Notes
Turn   | Place    | Note
-------+----------+-------------------------------------------
     0 | D:1      | Auros the Halfling Warper began the quest for the Orb.
     0 | D:1      | Reached XP level 1. HP: 14/14 MP: 3/3
   139 | D:1      | Reached XP level 2. HP: 18/19 MP: 4/4
   143 | D:1      | Learned a level 2 spell: Blink
   712 | D:1      | Slain by a goblin

Levels and vault maps discovered:
D:1:      dpeg_arrival_central, layout_basic, minmay_tiny_reverse_x

Skill      XL: |  1 |
---------------+----+-----
Short Blades   | 3 |  3.9
Fighting       | |  1.7
Throwing       | |  1.0
Armour         | |  1.1
Dodging        | |  2.1
Spellcasting   | |  1.5
Translocations | |  3.2

Action                   || total
-------------------------++-------
Melee: Short sword       ||    67
Throw: Stone             ||    21
       Boomerang         ||     5
Armor: Leather armour    ||    18
Dodge: Dodged            ||    53

Table legend:
 A = Non-vault XP
 B = Vault XP
 C = Vault XP percentage of total XP
 D = Non-vault monster count
 E = Vault monster count
 F = Vault count percentage of total count
                 A         B        C        D         E       F
            +---------+---------+-------+---------+---------+-------
      Total |      27 |       0 |   0.0 |      13 |       0 |   0.0
            +---------+---------+-------+---------+---------+-------
        D:1 |      27 |       0 |   0.0 |      13 |       0 |   0.0
            +---------+---------+-------+---------+---------+-------
